 Dungeon Crawl Stone Soup version 0.31-a0-145-g046c7d2549 (webtiles) character file.

Game seed: 15409306256166578982

19251 pokeman the Eclecticist (level 12, -18/68 HPs)
             Began as a Deep Elf Hedge Wizard on June 4, 2023.
             Was an Elder of Vehumet.
             Demolished by an ettin
             ... wielding a +0 dire flail
              (39 damage)
             ... on level 12 of the Dungeon.
             The game lasted 00:32:17 (14459 turns).

pokeman the Eclecticist (Deep Elf Hedge Wizard)    Turns: 14459, Time: 00:32:17

Health: -18/68     AC:  8    Str:  7    XL:     12   Next: 34%
Magic:  2/44       EV: 13    Int: 27    God:    Vehumet [****..]
Gold:   929        SH:  0    Dex: 14    Spells: 16/45 levels left

rFire   . . .        N - +0 short sword (venom)
rCold   x . .        (no shield)
rNeg    . . .        E - +0 steam dragon scales
rPois   .            L - +0 hat {Stlth+}
rElec   +            B - +1 cloak
rCorr   .            (no gloves)
SInv    .            (no boots)
Will    +++..        (no amulet)
Stlth   +++          k - ring of Xihoagif {Wiz rElec rC- Will++ Int+2}
HPRegen 0.31/turn    p - ring of magical power
MPRegen 0.29/turn

%: wizardry (x1)
@: no status effects
A: no striking features
a: Renounce Religion


You were on level 12 of the Dungeon.
You worshipped Vehumet.
Vehumet was greatly pleased with you.
You visited 1 branch of the dungeon, and saw 12 of its levels.

You collected 929 gold pieces.

Inventory:

Hand Weapons
 c - the +6 hand axe of Day {heavy, rF+}
   (You found it on level 8 of the Dungeon)

   rF:        It protects you from fire.
 N - a +0 short sword of venom (weapon)
 V - the +6 arbalest "Ox" {penet, rElec Str+8 Int-5 Dex-4}
   (You took it off a centaur warrior on level 12 of the Dungeon)

   Str:       It affects your strength (+8).
   Int:       It affects your intelligence (-5).
   Dex:       It affects your dexterity (-4).
   rElec:     It insulates you from electricity.
Armour
 B - a +1 cloak (worn)
 C - a +1 leather armour of cold resistance
 D - the +3 ring mail of Untold Secrets {Dex+3}
   (You found it on level 5 of the Dungeon)

   Dex:       It affects your dexterity (+3).
 E - +0 steam dragon scales (worn)
 I - +2 acid dragon scales
 L - a +0 hat of stealth (worn)
 M - an orb of light
Magical Staves
 P - a staff of earth
Jewellery
 k - the ring of Xihoagif (left hand) {Wiz rElec rC- Will++ Int+2}
   (You found it on level 3 of the Dungeon)

   [ring of wizardry]

   It improves your spell success rate.
   Int:       It affects your intelligence (+2).
   rC:        It makes you vulnerable to cold.
   rElec:     It insulates you from electricity.
   Will:      It greatly increases your willpower.
 l - a ring of protection from cold
 m - a ring of see invisible
 o - a ring of resist corrosion
 p - a ring of magical power (right hand)
 F - a +6 ring of strength
 S - a +4 ring of slaying
 T - a +5 ring of evasion
 U - the ring of Altruism {rPois rCorr}
   (You found it on level 12 of the Dungeon)

   [ring of resist corrosion]

   rPois:     It protects you from poison.
   rCorr:     It protects you from acid and corrosion.
Wands
 b - a wand of paralysis (8)
 t - a wand of polymorph (13)
 u - a wand of iceblast (31)
Scrolls
 a - 3 scrolls of blinking
 e - 4 scrolls of magic mapping {unknown}
 f - 10 scrolls of identify {unknown}
 h - a scroll of fear {unknown}
 i - 2 scrolls of vulnerability {unknown}
 n - 4 scrolls of poison {unknown}
 v - 3 scrolls of enchant armour {unknown}
 w - a scroll of silence {unknown}
 x - 2 scrolls of enchant weapon {unknown}
 y - 7 scrolls of teleportation
 z - 3 scrolls of butterflies {unknown}
 G - 3 scrolls of amnesia {unknown}
 Q - a scroll of fog {unknown}
Potions
 d - a potion of magic
 g - 4 potions of brilliance {unknown}
 j - 4 potions of enlightenment {unknown}
 q - 2 potions of heal wounds {unknown}
 r - a potion of mutation {unknown}
 s - 2 potions of curing {unknown}
 A - 2 potions of attraction {unknown}
 H - a potion of degeneration {unknown}
 J - 2 potions of cancellation {unknown}
 K - 2 potions of lignification {unknown}
 O - a potion of haste {unknown}
 R - a potion of ambrosia {unknown}


   Skills:
 + Level 5.3 Fighting
 - Level 5.0 Armour
 - Level 3.0 Dodging
 - Level 3.0 Stealth
 * Level 17.0 Spellcasting
 + Level 10.1 Conjurations
 - Level 5.2 Summonings
 - Level 1.1 Translocations
 + Level 8.4 Fire Magic
 - Level 1.0 Ice Magic
 - Level 1.0 Air Magic
 - Level 1.1 Earth Magic
 - Level 1.0 Poison Magic
 - Level 1.0 Evocations


You had 16 spell levels left.
You knew the following spells:

 Your Spells              Type           Power      Damage    Failure   Level
a - Magic Dart            Conj           100%       1d8       1%          1
b - Mephitic Cloud        Conj/Pois/Air  44%        N/A       1%          3
c - Call Imp              Summ           100%       N/A       1%          2
d - Blink                 Tloc           56%        N/A       1%          2
e - Freezing Cloud        Conj/Ice/Air   22%        6-21      1%          5
f - Stone Arrow           Conj/Erth      100%       3d13      1%          3
g - Starburst             Conj/Fire      32%        6d10      1%          6
h - Orb of Destruction    Conj           33%        9d10      3%          7

Your spell library contained the following spells:

 Spells                   Type           Power      Damage    Failure   Level
 Inner Flame              Hex/Fire       45%        N/A       1%          3
 Apportation              Tloc           56%        N/A       1%          1
 Slow                     Hex            88%        N/A       1%          1
 Cigotuvi's Dreadful Rot  Necr/Pois/Air  52%        N/A       1%          2
 Ensorcelled Hibernation  Hex/Ice        50%        N/A       1%          2
 Passwall                 Tmut/Erth      20%        N/A       1%          2
 Dazzling Flash           Conj/Hex       100%       N/A       1%          3
 Ignite Poison            Fire/Tmut/Pois 39%        N/A       1%          3
 Summon Guardian Golem    Hex/Summ       37%        N/A       1%          3
 Swiftness                Air            28%        N/A       1%          3
 Volatile Blastmotes      Fire/Tloc      96%        2d18      1%          3
 Iskenderun's Mystic Bla  Conj/Tloc      52%        2d11      1%          4
 Animate Armour           Summ/Erth      80%        N/A       2%          4
 Conjure Ball Lightning   Conj/Air       26%        3x3d7     4%          6
 Dispel Undead            Necr           22%        3d12      9%          4
 Spellforged Servitor     Conj/Summ      29%        N/A       9%          7
 Alistair's Intoxication  Tmut/Pois      16%        N/A       19%         5
 Lehudib's Crystal Spear  Conj/Erth      26%        10d7      73%         8
 Death Channel            Necr           11%        N/A       75%         6
 Discord                  Hex            11%        N/A       100%        8
 Disjunction              Tloc           14%        N/A       100%        8


Dungeon Overview and Level Annotations

Branches:
Dungeon (12/15)            Temple (0/1) D:5            Lair (0/5) D:9
    Orc (0/2) D:10

Altars:
Okawaru
Qazlal
Ru
Sif Muna
Trog
Vehumet
Zin

Annotations:
D:4 3 runed translucent doors, smokingjp's ghost, amateur FeBe
D:8 Vampire


Message History

The ettin is lightly wounded.
The ettin is engulfed in noxious fumes.
The ettin appears confused.
Casting: Stone Arrow (safe; 1% risk of failure)
Confirm with . or Enter, or press ? or * to list all spells.
You can't see any susceptible monsters within range! (Use Z to cast anyway.) Unknown command.
Casting: Stone Arrow (safe; 1% risk of failure)
Confirm with . or Enter, or press ? or * to list all spells.
Aiming: Stone Arrow (safe; 1% risk of failure)
Press: ? - help, Shift-Dir - straight line, f/p - ettin
Aim: an ettin, wielding two +0 dire flails (noxious fumes, lightly wounded, confused, 100% to hit)
The stone arrow hits the ettin!!
The ettin is heavily wounded.
The ettin is engulfed in noxious fumes.
Casting: Stone Arrow (safe; 1% risk of failure)
Confirm with . or Enter, or press ? or * to list all spells.
Aiming: Stone Arrow (safe; 1% risk of failure)
Press: ? - help, Shift-Dir - straight line, f/p - ettin
Aim: an ettin, wielding two +0 dire flails (heavily wounded, confused, 100% to hit)
The stone arrow hits the ettin!
The ettin is severely wounded.
Unknown command.
Casting: Stone Arrow (safe; 1% risk of failure)
Confirm with . or Enter, or press ? or * to list all spells.
You don't have enough magic to cast this spell.
Unknown command.
Unknown command.
You hit the ettin but do no damage.
The ettin is poisoned.
The ettin is severely wounded.
The ettin seems less confused.
The ettin hits you with a +0 dire flail!
The ettin hits you with a +0 dire flail!!!
Ouch! That really hurt!
You hear a shout!
You hit the ettin but do no damage.
The ettin looks even sicker.
The ettin is severely wounded.
The ettin completely misses you.
The ettin hits you with a +0 dire flail!!!
Ouch! That really hurt!
You die...

# . ..#. ##.#...#.#.
#.#.#.#.#..
#..#.#.#..#
#...#.#...#
.######.)#.#.#..
#.......#.#.#.#
#####..#####.#|#...#.#
..>.###.....#.#.@C°.#
....#..###.#.######..#
....###...#.## #
....#..#.#.#.#
..).###.#.#..#
(..##..#.#.#.#
...##.#)#..#.#
##)###)##..#.#
##....#.#..#.#


You could see an ettin (very poisoned).

Vanquished Creatures
  A fire giant (D:12)
  A stone giant (D:12)
  2 hydras (D:12)
  2 ogre magi (D:12)
  A centaur warrior (D:12)
  A two-headed ogre (D:10)
  2 boulder beetles
  An orc knight (D:12)
  Pikel (D:7)
  A deep elf pyromancer (D:12)
  3 manticores (D:12)
  2 cyclopes
  3 gargoyles (D:12)
  2 unseen horrors (D:11)
  A komodo dragon (D:9)
  Maggie (D:7)
  3 trolls
  A hornet (D:10)
  2 wraiths
  A slime creature (D:12)
  2 shadows
  A wyvern (D:10)
  6 yaks
  A steam dragon (D:6)
  9 vampire mosquitoes (D:12)
  A warg (D:10)
  A water moccasin (D:7)
  2 acid dragons
  An ice beast (D:7)
  A sky beast (D:7)
  An ogre (D:5)
  6 orc warriors
  2 black bears
  A centaur (D:7)
  A phantom (D:6)
  A kobold brigand (D:10)
  2 bullfrogs
  2 gnoll sergeants
  3 scorpions
  11 killer bees
  4 howler monkeys
  A lava snake (D:12)
  3 hounds
  4 orc priests
  A gnoll bouda (D:10)
  3 jellies
  6 orc wizards
  3 sleepcaps
  Jessica (D:3)
  4 iguanas
  Ijyb (D:5)
  Terence (D:2)
  14 gnolls
  6 adders
  3 shadow imps
  4 white imps
  2 ufetubi
  A worm (D:4)
  28 orcs
  8 ball pythons
  5 bats
  10 endoplasms
  6 giant cockroaches
  9 goblins
  6 hobgoblins
  2 jackals (D:2)
  3 kobolds
  7 quokkas
  4 frilled lizards (D:3)
  14 rats
251 creatures vanquished.

Vanquished Creatures (collateral kills)
  A scorpion (D:5)
  A sleepcap (D:4)
  An orc (D:6)
3 creatures vanquished.

Vanquished Creatures (others)
  An adder (D:6)
1 creature vanquished.

Grand Total: 255 creatures vanquished

Notes
Turn   | Place    | Note
-------+----------+-------------------------------------------
     0 | D:1      | pokeman the Deep Elf Hedge Wizard began the quest for the
                  | Orb.
     0 | D:1      | Reached XP level 1. HP: 10/10 MP: 7/7
   187 | D:1      | Reached XP level 2. HP: 16/16 MP: 5/9
   720 | D:1      | Reached skill level 5 in Spellcasting
  1206 | D:2      | Reached XP level 3. HP: 20/20 MP: 8/11
  1210 | D:2      | Learned a level 3 spell: Mephitic Cloud
  1213 | D:2      | Learned a level 2 spell: Call Imp
  1216 | D:2      | Learned a level 2 spell: Blink
  1644 | D:2      | Reached skill level 1 in Fighting
  1906 | D:2      | Reached skill level 1 in Armour
  2379 | D:3      | Noticed Terence
  2405 | D:2      | Killed Terence
  2406 | D:2      | Reached XP level 4. HP: 23/25 MP: 6/13
  2616 | D:3      | Noticed Jessica
  2624 | D:3      | Killed Jessica
  2625 | D:3      | Reached skill level 6 in Spellcasting
  2715 | D:3      | Identified the ring of Xihoagif {Wiz rElec rC- Will++
                  | Int+2}
  2778 | D:3      | Reached XP level 5. HP: 29/29 MP: 6/15
  2887 | D:3      | Found an iron altar of Okawaru.
  2888 | D:3      | Found a bloodstained altar of Trog.
  2889 | D:3      | Found a shimmering blue altar of Sif Muna.
  2890 | D:3      | Found a radiant altar of Vehumet.
  2893 | D:3      | Became a worshipper of Vehumet
  2930 | D:3      | You fall into a shaft and drop 1 floor!
  3518 | D:4      | Found a runed translucent gate.
  3518 | D:4      | Found a runed translucent gate.
  3557 | D:4      | Found a runed translucent gate.
  3558 | D:4      | Noticed smokingjp's ghost (amateur FeBe)
  3766 | D:4      | Reached skill level 1 in Poison Magic
  3954 | D:4      | Reached skill level 1 in Air Magic
  4223 | D:4      | Found a sacrificial altar of Ru.
  4249 | D:4      | Reached XP level 6. HP: 34/34 MP: 13/17
  4368 | D:4      | Reached skill level 7 in Spellcasting
  5446 | D:5      | Entered Level 5 of the Dungeon
  5679 | D:5      | Reached XP level 7. HP: 34/40 MP: 16/20
  5763 | D:5      | Reached skill level 8 in Spellcasting
  5815 | D:5      | Reached * piety under Vehumet
  5815 | D:5      | Offered knowledge of Freeze by Vehumet.
  5830 | D:5      | Reached skill level 1 in Evocations
  6121 | D:5      | Noticed Ijyb
  6150 | D:5      | Killed Ijyb
  6175 | D:5      | Identified the +3 ring mail of Untold Secrets {Dex+3}
  6201 | D:5      | Found a staircase to the Ecumenical Temple.
  6517 | D:6      | Reached XP level 8. HP: 36/44 MP: 10/22
  6646 | D:6      | Reached skill level 9 in Spellcasting
  6681 | D:6      | Reached skill level 5 in Conjurations
  6949 | D:6      | Learned a level 5 spell: Freezing Cloud
  7093 | D:6      | Reached skill level 10 in Spellcasting
  7093 | D:6      | Reached skill level 1 in Ice Magic
  7137 | D:6      | Found a stormy altar of Qazlal.
  7209 | D:6      | Learned a level 7 spell: Orb of Destruction
  7524 | D:7      | Learned a level 6 spell: Starburst
  7741 | D:7      | Noticed Maggie
  7760 | D:7      | Killed Maggie
  7761 | D:7      | Reached skill level 1 in Fire Magic
  7761 | D:7      | Reached XP level 9. HP: 48/48 MP: 23/25
  7841 | D:7      | Noticed Pikel
  7866 | D:7      | Killed Pikel
  7867 | D:7      | Reached skill level 11 in Spellcasting
  7867 | D:7      | Reached skill level 5 in Summonings
  8689 | D:8      | Reached ** piety under Vehumet
  8691 | D:8      | Offered knowledge of Shock by Vehumet.
  9084 | D:8      | Identified the +6 hand axe of Day {heavy, rF+}
  9419 | D:8      | Reached skill level 12 in Spellcasting
  9982 | D:9      | Reached XP level 10. HP: 46/56 MP: 23/28
 10133 | D:9      | Learned a level 3 spell: Stone Arrow
 10402 | D:9      | Found a staircase to the Lair.
 10646 | D:10     | Entered Level 10 of the Dungeon
 10718 | D:10     | Reached skill level 1 in Earth Magic
 10791 | D:10     | Offered knowledge of Hailstorm by Vehumet.
 10941 | D:10     | Reached skill level 13 in Spellcasting
 11140 | D:10     | Noticed a two-headed ogre
 11147 | D:10     | Killed a two-headed ogre
 11148 | D:10     | Reached skill level 5 in Fire Magic
 11278 | D:10     | Found a staircase to the Orcish Mines.
 11291 | D:10     | Reached *** piety under Vehumet
 11683 | D:10     | Reached skill level 14 in Spellcasting
 11923 | D:11     | Offered knowledge of Inner Flame by Vehumet.
 12062 | D:11     | Reached XP level 11. HP: 38/61 MP: 31/31
 12381 | D:11     | Found a glowing silver altar of Zin.
 12381 | D:11     | Noticed an angel
 12450 | D:11     | Noticed a boulder beetle
 12703 | D:11     | Killed a boulder beetle
 12867 | D:12     | Identified the ring of Altruism {rPois rCorr}
 12890 | D:12     | Noticed a deep elf pyromancer
 12894 | D:12     | Killed a deep elf pyromancer
 13005 | D:12     | Reached skill level 15 in Spellcasting
 13056 | D:12     | Noticed a seven-headed hydra
 13066 | D:12     | Killed a seven-headed hydra
 13067 | D:12     | Reached skill level 5 in Armour
 13160 | D:12     | Noticed a seven-headed hydra
 13174 | D:12     | Killed a seven-headed hydra
 13181 | D:12     | Noticed a boulder beetle
 13192 | D:12     | Killed a boulder beetle
 13417 | D:12     | Reached **** piety under Vehumet
 13472 | D:12     | Reached skill level 16 in Spellcasting
 13796 | D:12     | Noticed an orc knight
 13833 | D:12     | Killed an orc knight
 13834 | D:12     | Reached XP level 12. HP: 7/68 MP: 12/34
 14078 | D:12     | Noticed an ogre mage
 14082 | D:12     | Killed an ogre mage
 14082 | D:12     | Noticed a fire giant
 14094 | D:12     | Killed a fire giant
 14095 | D:12     | Reached skill level 5 in Fighting
 14193 | D:12     | Noticed a stone giant
 14204 | D:12     | Killed a stone giant
 14205 | D:12     | Reached skill level 10 in Conjurations
 14286 | D:12     | Identified the +6 arbalest "Ox" {penet, rElec Str+8 Int-5
                  | Dex-4}
 14286 | D:12     | Noticed a centaur warrior
 14371 | D:12     | Killed a centaur warrior
 14419 | D:12     | Noticed an ogre mage
 14433 | D:12     | Killed an ogre mage
 14441 | D:12     | Reached skill level 17 in Spellcasting
 14450 | D:12     | Noticed an ettin
 14459 | D:12     | Demolished by an ettin

Illustrated notes

Levels and vault maps discovered:
D:1:      dpeg_arrival_tiny_h, layout_rooms, chequers_serial_rivers_micro_a
D:2:      layout_basic
D:3:      layout_basic, mainiacjoe_overflow_alcove_3, uniq_jessica, uniq_terence
D:4:      layout_loops_corners, nicolae_ru_the_path_less_chosen,
          gammafunk_ghost_necromancy, kennysheep_windowed_goal
D:5:      layout_cave_pools, lemuel_temple_firewalk_a, kennysheep_minor_cross,
          uniq_ijyb
D:6:      layout_basic, mainiacjoe_overflow_concentric_impassable
D:7:      layout_basic, uniq_maggie, uniq_pikel
D:8:      layout_loops_corners
D:9:      layout_big_octagon, david_lair_shrubbed
D:10:     layout_roguey, david_orc_1_choice
D:11:     layout_rooms, zin_angel
D:12:     minmay_tearing_corner, layout_basic, kennysheep_generic_room_4

Skill      XL: |  1  2  3  4  5  6  7  8  9 10 11 12 |
---------------+-------------------------------------+-----
Spellcasting   | 5 6 7 8 10 12 14 16 17 | 17.0
Fighting       | 1 2 3 4 5 |  5.3
Conjurations   | 2 3 4 5 7 8 9 10 | 10.1
Armour         | 1 3 4 5 |  5.0
Stealth        | 3 |  3.0
Dodging        | 3 |  3.0
Poison Magic   | 1 |  1.0
Air Magic      | 1 |  1.0
Summonings     | 2 3 4 5 |  5.2
Evocations     | 1 |  1.0
Ice Magic      | 1 |  1.0
Fire Magic     | 1 4 6 7 8 |  8.4
Earth Magic    | 1 |  1.1
Translocations | |  1.1

Action                     |  1- 3 |  4- 6 |  7- 9 | 10-12 || total
---------------------------+-------+-------+-------+-------++-------
  Melee: Dagger            |     8 |    10 |       |       ||    18
         Whip              |       |    18 |   123 |       ||   141
         Flail             |       |    17 |       |       ||    17
         Punch             |       |     1 |     2 |       ||     3
         Short sword       |       |       |    21 |    28 ||    49
   Cast: Magic Dart        |   122 |   119 |   134 |    20 ||   395
         Mephitic Cloud    |     1 |     8 |    29 |    23 ||    61
         Call Imp          |     1 |     3 |     7 |     2 ||    13
         Freezing Cloud    |       |       |    13 |    41 ||    54
         Blink             |       |       |     2 |     2 ||     4
         Stone Arrow       |       |       |       |   100 ||   100
   Stab: Confused          |       |     7 |    12 |     3 ||    22
         Distracted        |       |     1 |       |       ||     1
         Sleeping          |       |       |     1 |       ||     1
 Armour: Robe              |     5 |    18 |     1 |       ||    24
         Leather armour    |       |       |    20 |       ||    20
         Steam dragon scal |       |       |    18 |    14 ||    32
  Dodge: Dodged            |    15 |    25 |   114 |    12 ||   166

Table legend: (Time is in decaauts)
 A = Elapsed time spent in this place.
 B = Non-inter-level travel time spent in this place.
 C = Inter-level travel time spent in this place.
 D = Time resting spent in this place.
 E = Time spent auto-exploring this place.
 F = Levels seen in this place.
 G = Mean time per level.
                   A        B        C        D        E       F      G
               +--------+--------+--------+--------+--------+-----+--------+
         Total |  14477 |  13974 |    503 |    904 |  11114 |  12 | 1206.4 |
       Dungeon |  14477 |  13974 |    503 |    904 |  11114 |  12 | 1206.4 |
               +--------+--------+--------+--------+--------+-----+--------+

Top non-repeatable levels by time:
     D:4: 2098 daAuts
    D:12: 1559 daAuts
    D:10: 1372 daAuts
     D:2: 1243 daAuts
     D:8: 1210 daAuts
     D:1: 1163 daAuts
     D:7: 1115 daAuts
     D:5: 1046 daAuts
     D:3: 947 daAuts
     D:6: 946 daAuts
     D:9: 893 daAuts
    D:11: 880 daAuts
